 Dungeon Crawl Stone Soup version 0.21-a0-71-g5e5ddd2 (webtiles) character file.

54 KristoblXynda the Slasher (level 3, -1/27 HPs)
             Began as a Demonspawn Gladiator on June 19, 2017.
             Slain by Robin
             ... wielding a cursed -2 falchion
              (4 damage)
             ... on level 2 of the Dungeon.
             The game lasted 00:01:50 (1042 turns).

KristoblXynda the Slasher (Demonspawn Gladiator)    Turns: 1042, Time: 00:01:51

Health: -1/27      AC:  4    Str: 13 (14) XL:     3   Next: 66%
Magic:  3/3        EV: 12    Int:  7 (10) God:
Gold:   15         SH:  0    Dex: 11 (14) Spells: 2/2 levels left

rFire    . . .     SeeInvis .   a - +0 long sword
rCold    . . .     Gourm    .   (no shield)
rNeg     . . .     Faith    .   b - +0 leather armour
rPois    .         Spirit   .   (helmet restricted)
rElec    .         Reflect  .   (no cloak)
rCorr    .         Harm     .   i - +0 pair of gloves
MR       .....                  (no boots)
Stlth    +.........             (no amulet)
HPRegen  0.09/turn              (no ring)
MPRegen  0.08/turn              (no ring)

@: flying
A: antennae 1, spiny 1
a: no special abilities


You were on level 2 of the Dungeon.
You were not hungry.

You visited 1 branch of the dungeon, and saw 2 of its levels.

You collected 15 gold pieces.

Inventory:

Hand Weapons
 a - a +0 long sword (weapon)
Missiles
 d - 3 throwing nets (quivered)
Armour
 b - a +0 leather armour (worn)
 i - a +0 pair of gloves (worn)
Scrolls
 h - a scroll of fear {unknown}
 k - a scroll of immolation {unknown}
 l - a scroll of blinking {unknown}
 m - a scroll of identify {unknown}
Potions
 e - a potion of degeneration
Comestibles
 f - a bread ration
 g - a meat ration


   Skills:
 - Level 2.0 Fighting
 * Level 3.6 Long Blades
 - Level 1.7 Throwing
 + Level 1.0 Armour
 + Level 3.1 Dodging


You had 2 spell levels left.
You didn't know any spells.

Dungeon Overview and Level Annotations

Branches:
Dungeon (2/15)

Altars:
Ru

Annotations:
D:2 Robin


Innate Abilities, Weirdness & Mutations

You have a pair of small antennae on your head.
You are partially covered in sharp spines.


Message History

You feel weakened.
You feel dopey.
You feel clumsy. The hobgoblin barely misses you.
Unknown command.
It was a potion of flight.
You feel very buoyant.
You fly up into the air.
The hobgoblin barely misses you.
You slash the hobgoblin!
You kill the hobgoblin!
Robin misses you. The hobgoblin is struck by your spines.
The hobgoblin hits you with a club.
* * * LOW HITPOINT WARNING * * *
Unknown command.
You hit the hobgoblin.
You kill the hobgoblin!
Robin closely misses you.
Unknown command.
You see here a goblin corpse.
You completely miss Robin. Robin closely misses you.
You hit Robin but do no damage. Robin hits you with a falchion.
You die...

. #########..
≈..#_.≈...
#..#..#..# ##
#.....#..# ...#
####)))..####
#...#...))......#
#......g#####...(
######@## . ###.#
#...# #.### #>#
##############.#
...............#
........######.#
#######.# #.#


You could see Robin.

Vanquished Creatures
  A gnoll (D:1)
  An ooze (D:2)
  5 bats
  2 giant cockroaches
  12 goblins
  7 hobgoblins
  2 kobolds
  2 frilled lizards (D:1)
  4 rats
36 creatures vanquished.

Notes
Turn   | Place    | Note
-------+----------+-------------------------------------------
     0 | D:1      | KristoblXynda the Demonspawn Gladiator began the quest for the Orb.
     0 | D:1      | Reached XP level 1. HP: 16/16 MP: 1/1
   161 | D:1      | Gained mutation: You are partially covered in sharp spines. [demonic ancestry]
   161 | D:1      | Reached XP level 2. HP: 4/22 MP: 2/2
   978 | D:2      | Gained mutation: You have a pair of small antennae on your head. [demonic ancestry]
   978 | D:2      | Reached XP level 3. HP: 27/27 MP: 3/3
  1021 | D:2      | Found a sacrificial altar of Ru.
  1027 | D:2      | Noticed Robin
  1029 | D:2      | Reached skill level 1 in Armour
  1042 | D:2      | Slain by Robin

Vault maps used:
D:1:      kennysheep_arrival_forest, eino_curves_01, st_stairs_8
D:2:      hangedman_ru_absence, nicolae_overflow_crystal_walls,
          kennysheep_generic_room_13, uniq_robin

Skill      XL: |  1  2  3 |
---------------+----------+-----
Long Blades    | 3 |  3.6
Dodging        | 3 |  3.1
Armour         | 1 |  1.0
Fighting       | |  2.0
Throwing       | |  1.7

Action                   || total
-------------------------++-------
Melee: Long sword        ||    53
  Use: Potion            ||     2
Armor: Leather armour    ||    17
Dodge: Dodged            ||    54
       Rpst.: Long sword ||    15
